 Dungeon Crawl Stone Soup version 0.18-a0-1312-gf98331d (webtiles) character file.

5122 trtt13 the Destroyer (level 10, -2/56 HPs)
             Began as a Deep Elf Conjurer on Feb 14, 2016.
             Was a Follower of Vehumet.
             Slain by a wyvern (8 damage)
             ... on level 9 of the Dungeon.
             The game lasted 01:17:54 (13381 turns).

trtt13 the Destroyer (Deep Elf Conjurer)           Turns: 13381, Time: 01:17:54

Health: -2/56      AC:  9    Str:  8    XL:     10   Next: 32%
Magic:  7/22       EV: 15    Int: 21    God:    Vehumet [*.....]
Gold:   263        SH:  4    Dex: 15    Spells: 4 memorised, 14 levels left

rFire  . . .     SeeInvis .     s - +3 dagger (venom)
rCold  . . .     Gourm    .     w - +2 robe {MR+}
rNeg   + . .     Faith    .     u - +0 buckler
rPois  +         Spirit   .     (no helmet)
rElec  .         Dismiss  .     o - +0 cloak {rPois}
rCorr  .         Reflect  .     (no gloves)
SustAt .         Harm     .     d - +0 pair of boots
MR     ++...                    (no amulet)
Stlth  ++........               y - ring of positive energy
                                e - +3 ring of protection

@: very slightly contaminated, very resistant to hostile enchantments,
unstealthy
A: no striking features
a: Renounce Religion


You were on level 9 of the Dungeon.
You worshipped Vehumet.
Vehumet was aware of your devotion.
You were not hungry.

You visited 2 branches of the dungeon, and saw 11 of its levels.

You collected 473 gold pieces.
You spent 210 gold pieces at shops.

Inventory:

Hand Weapons
 s - a +3 dagger of venom (weapon)
Missiles
 h - a throwing net (quivered)
 q - 9 arrows of frost
Armour
 d - a +0 pair of boots (worn)
 l - a +0 shield
 o - a +0 cloak of poison resistance (worn)
 u - a +0 buckler (worn)
 w - a +2 robe of magic resistance (worn)
Jewellery
 e - a +3 ring of protection (left hand)
 g - an uncursed ring of poison resistance {unknown}
 v - an uncursed ring of fire
 y - a ring of positive energy (right hand)
 E - an uncursed ring of protection from magic {unknown}
 I - a cursed amulet of regeneration {unknown}
Wands
 i - a wand of iceblast (6/15)
 H - a wand of digging (18/24)
Scrolls
 j - a scroll of fog
 k - 10 scrolls of identify
 r - a scroll of remove curse
 x - a scroll of enchant weapon
 D - a scroll of noise
Potions
 a - a potion of degeneration {unknown}
 n - 2 potions of brilliance
 p - 2 potions of magic
 t - a potion of mutation
 z - a potion of berserk rage
 B - a potion of might
 C - a potion of agility
 F - 3 potions of curing
Books
 b - a book of Conjurations

   Spells                             Type                      Level
   a - Magic Dart                     Conjuration                  1
   b - Searing Ray                    Conjuration                  2
   c - Dazzling Spray                 Conjuration/Hexes            3
   d - Fulminant Prism                Conjuration/Hexes            4
   e - Iskenderun's Mystic Blast      Conjuration                  4
   f - Iskenderun's Battlesphere      Conjuration/Charms           5
 A - a book of Death

   Spells                             Type                      Level
   a - Corpse Rot                     Necromancy                   2
   b - Sublimation of Blood           Necromancy                   2
   c - Agony                          Necromancy                   5
   d - Dispel Undead                  Necromancy                   5
   e - Excruciating Wounds            Charms/Necromancy            5
   f - Bolt of Draining               Conjuration/Necromancy       5
 J - a book of Spatial Translocations

   Spells                             Type                      Level
   a - Apportation                    Translocation                1
   b - Blink                          Translocation                2
   c - Shroud of Golubria             Charms/Translocation         2
   d - Portal Projectile              Translocation                3
   e - Teleport Other                 Translocation                3
   f - Passage of Golubria            Translocation                4
 K - a book of Enchantments

   Spells                             Type                      Level
   a - Cause Fear                     Hexes                        4
   b - Yara's Violent Unravelling     Hexes/Transmutation          5
   c - Silence                        Hexes/Air                    5
   d - Deflect Missiles               Charms/Air                   6
   e - Haste                          Charms                       6
   f - Discord                        Hexes                        8
 M - the Almanac of Quantum Dark Rituals
   (You found it on level 9 of the Dungeon)

   Spells                             Type                      Level
   a - Apportation                    Translocation                1
   b - Regeneration                   Charms/Necromancy            3
   c - Gell's Gravitas                Hexes/Translocation          3
   d - Control Undead                 Necromancy                   4
   e - Passage of Golubria            Translocation                4
   f - Cigotuvi's Embrace             Necromancy                   5
Comestibles
 c - 9 bread rations
 f - 5 meat rations
 L - a royal jelly


   Skills:
 + Level 3.9 Fighting
 - Level 6.0 Dodging
 - Level 2.4 Stealth
 - Level 1.0 Shields
 + Level 7.0 Spellcasting
 * Level 12.1 Conjurations
 + Level 9.7 Charms
 + Level 1.5 Fire Magic


You had 14 spell levels left.
You knew the following spells:

 Your Spells              Type           Power        Failure   Level  Hunger
a - Magic Dart            Conj           ####         1%          1    None
b - Iskenderun's Battles  Conj/Chrm      ######..     4%          5    #####..
c - Flame Tongue          Conj/Fire      #####        1%          1    None
d - Blink                 Tloc           N/A          21%         2    None


Dungeon Overview and Level Annotations

Branches:
Dungeon (10/15)            Temple (1/1) D:6
   Lair: D:8-11         Orc: D:9-12

Altars:
Ashenzari
Cheibriados
Dithmenos
Fedhas
Gozag
Kikubaaqudgha
Makhleb
Pakellas
Qazlal
Ru
Sif Muna
Trog
Vehumet
Xom
Yredelemnul
Zin
The Shining One

Shops:
D:5 *?%   D:7 *   D:8 (

Annotations:
D:2 exclusion: moth of wrath
D:9 exclusion: door


Message History

The seven-headed hydra is heavily wounded.
The seven-headed hydra bites you!
The seven-headed hydra barely misses you.
The seven-headed hydra bites you.
The seven-headed hydra bites you but does no damage.
The seven-headed hydra misses you.
The seven-headed hydra closely misses you.
The seven-headed hydra bites you!
* * * LOW HITPOINT WARNING * * *
Casting: Magic Dart
Confirm with . or Enter, or press ? or * to list all spells.
You blink.
Drink which item? (? for menu, Esc to quit)
Okay, then.
Read which item? (? for menu, Esc to quit)
Okay, then.
Casting: Blink
Confirm with . or Enter, or press ? or * to list all spells.
You blink.
The wyvern bites you!
You die...

............##...##
#############.....#
#.....############ ######
##8.8##..........# .....#
#######.###.###.####
#.#..###########................>
.###.............#.#.###.###.####
#.#..#####(.....l....# #.#.......
...#.# #.####.@.######...#.#...
####.#####.# #...ยง*.D.........(.
.........#.# #...########.#.#...
####.###.#.# ##.## #....... # #.#
#.#.# ####### #.#..... # #.#
#.#.# #.....# #.###### #.# #.#.#
#.....# #.# # ####.# #.#.#
#.....# #.# # ..>..###.#.#
#.....### #.# #


You could see a seven-headed hydra, a wyvern and a friendly battlesphere.

Vanquished Creatures
  Prince Ribbit (D:7)
  The ghost of trtt13 the Destroyer, an amateur DECj (D:3)
  A yak (D:9)
  A spriggan (D:8)
  A wraith (D:10)
  Eustachio (D:4)
  A hungry ghost (D:9)
  A hippogriff (D:7)
  Menkaure (D:7)
  A water moccasin (D:9)
  2 orc warriors (D:6)
  An ice beast (D:8)
  8 ogres
  6 centaurs
  4 giant frogs
  A gnoll sergeant (D:4)
  3 jellies
  3 scorpions
  10 wights
  A crimson imp (D:7)
  A centaur zombie (D:7)
  A quasit (D:5)
  2 giant frog zombies
  A giant frog skeleton (D:8)
  An orc priest (D:4)
  4 hounds
  A centaur skeleton (D:7)
  5 iguanas
  4 orc wizards
  13 worker ants
  A hound zombie (D:6)
  A hound skeleton (D:7)
  2 worker ant zombies
  9 gnolls
  14 adders
  3 shadow imps
  2 oozes
  An adder skeleton (D:5)
  5 worms
  8 giant geckos
  27 orcs
  7 bats
  3 giant cockroaches
  7 goblins
  5 hobgoblins
  8 jackals
  3 quokkas
  2 ball pythons
  A giant gecko skeleton (D:6)
  6 giant newts
  2 kobolds
  2 quokka skeletons
  9 rats
210 creatures vanquished.

Notes
Turn   | Place    | Note
--------------------------------------------------------------
     0 | D:1      | trtt13 the Deep Elf Conjurer began the quest for the Orb.
     0 | D:1      | Reached XP level 1. HP: 10/10 MP: 6/6
   537 | D:1      | Reached XP level 2. HP: 13/15 MP: 0/8
   645 | D:1      | Reached skill level 5 in Conjurations
   844 | D:2      | Found a shadowy altar of Dithmenos.
   933 | D:2      | Reached XP level 3. HP: 19/19 MP: 3/9
  1488 | D:2      | Noticed a moth of wrath
  1492 | D:2      | Found a bloodstained altar of Trog.
  1846 | D:2      | Reached skill level 6 in Conjurations
  1899 | D:2      | Reached XP level 4. HP: 24/24 MP: 6/10
  2692 | D:3      | Found a snail-covered altar of Cheibriados.
  2764 | D:3      | Found an oddly glowing altar of Pakellas.
  2812 | D:3      | Noticed trtt13's ghost (amateur DECj)
  3190 | D:3      | Reached skill level 7 in Conjurations
  3190 | D:3      | Reached XP level 5. HP: 28/28 MP: 6/11
  3368 | D:4      | Noticed an ogre
  3387 | D:4      | Found a shimmering altar of Xom.
  3414 | D:4      | Found a shattered altar of Ashenzari.
  4026 | D:4      | Noticed Eustachio
  4088 | D:4      | Killed Eustachio
  4088 | D:4      | Reached skill level 8 in Conjurations
  4088 | D:4      | Reached XP level 6. HP: 32/32 MP: 2/12
  4227 | D:4      | Learned a level 5 spell: Iskenderun's Battlesphere
  4315 | D:5      | Entered Level 5 of the Dungeon
  4358 | D:3      | Reached skill level 1 in Charms
  4362 | D:3      | HP: 2/48 [poisoned by a worker ant]
  4370 | D:3      | HP: 2/48 [poisoned by a worker ant]
  4762 | D:3      | HP: 2/48 [poisoned by a worker ant]
  4770 | D:3      | HP: 1/48 [poisoned by a worker ant]
  5563 | D:4      | Reached XP level 7. HP: 32/36 MP: 9/13
  5608 | D:4      | Reached skill level 9 in Conjurations
  5921 | D:4      | Reached skill level 5 in Charms
  7000 | D:3      | Killed trtt13's ghost
  7000 | D:3      | Reached XP level 8. HP: 28/41 MP: 4/14
  7108 | D:5      | Found Dehelel's Food Shoppe.
  7226 | D:5      | Reached skill level 10 in Conjurations
  7675 | D:5      | Found Gehergh's Assorted Antiques.
  7689 | D:5      | Reached skill level 1 in Fighting
  7771 | D:5      | Bought a runed cloak for 108 gold pieces
  7771 | D:5      | Bought a scroll of identify for 48 gold pieces
  7815 | D:5      | Found Ufeadif's Magic Scroll Shop.
  7837 | D:5      | Found a basalt altar of Yredelemnul.
  8133 | D:5      | HP: 2/43 [centaur/arrow of frost (3)]
  8408 | D:5      | Found a burning altar of Makhleb.
  8408 | D:5      | Noticed a cacodemon
  9461 | D:6      | Reached XP level 9. HP: 48/48 MP: 15/18
  9520 | D:6      | Reached skill level 5 in Spellcasting
  9687 | D:6      | Found a staircase to the Ecumenical Temple.
  9694 | Temple   | Entered the Ecumenical Temple
  9717 | Temple   | Became a worshipper of Vehumet
 10026 | D:7      | Found a stormy altar of Qazlal.
 10059 | D:7      | Found Ipratt's Assorted Antiques.
 10069 | D:7      | Bought a scroll of identify for 54 gold pieces
 10077 | D:7      | Found a sacrificial altar of Ru.
 10110 | D:7      | Noticed Menkaure
 10113 | D:7      | Killed Menkaure
 10113 | D:7      | Reached skill level 11 in Conjurations
 10325 | D:7      | Noticed Prince Ribbit
 10329 | D:7      | Killed Prince Ribbit
 10480 | D:7      | Reached skill level 5 in Dodging
 10520 | D:7      | Reached skill level 1 in Shields
 10915 | D:7      | Found an opulent altar of Gozag.
 10915 | D:7      | Found a glowing silver altar of Zin.
 11369 | D:8      | Found an ancient bone altar of Kikubaaqudgha.
 11388 | D:8      | Reached * piety under Vehumet
 11388 | D:8      | Offered knowledge of Flame Tongue by Vehumet.
 11504 | D:8      | Reached XP level 10. HP: 51/56 MP: 12/21
 11617 | D:8      | Found a deep blue altar of Sif Muna.
 11651 | D:8      | Found Paeden's Weapon Shop.
 11714 | D:8      | Learned a level 1 spell: Flame Tongue
 12262 | D:9      | Reached skill level 12 in Conjurations
 12508 | D:9      | Identified the Almanac of Quantum Dark Rituals
 12519 | D:9      | Learned a level 2 spell: Blink
 12703 | D:9      | Reached skill level 1 in Fire Magic
 12751 | D:9      | Noticed a seven-headed hydra
 12754 | D:9      | Found a glowing golden altar of the Shining One.
 13169 | D:10     | Entered Level 10 of the Dungeon
 13381 | D:9      | Slain by a wyvern

Vault maps used:
D:1:      minmay_arrival_stone_box
D:2:      tgw_trog, nicolae_dithmenos_shadow_blocks
D:3:      cheibriados_altar_1, marbit_many_paths
D:4:      kennysheep_mini_moat, ashenzari_altar_1, first_bread, uniq_eustachio
D:5:      yredelemnul_altar_generic, makhleb_altar_promises_db, serial_shops,
          shop_scrolls, nicolae_shop_crystal, nicolae_shop_behind_doors
D:6:      minmay_temple_entry_enclosed_plants
D:7:      grunt_temple_overflow_gold_and_silver,
          nicolae_ru_sacrificial_ziggurat, grunt_qazlal_clouds, serial_shops,
          shop, uniq_menkaure, uniq_prince_ribbit1
D:8:      lemuel_round_altar, nicolae_overflow_hidden_temple, serial_shops,
          nicolae_shop_waterfront, the_bakery
D:9:      tso_altar, small_chamber_with_monster, minmay_crystal_room,
          minmay_misc_feat_alley
D:10:     due_lair_maze_entry_diamond, david_orc_3
Temple:   nicolae_temple_hex_pool_5

Action                   |  1- 3 |  4- 6 |  7- 9 | 10-12 || total
-------------------------+-------+-------+-------+-------++-------
Melee: Unarmed           |     5 |       |       |       ||     5
       Dagger            |       |    14 |     3 |     3 ||    20
Throw: Throwing net      |       |     1 |       |       ||     1
 Cast: Magic Dart        |    99 |   168 |   257 |    96 ||   620
       Iskenderun's Batt |       |       |    53 |    21 ||    74
       Blink             |       |       |       |     5 ||     5
  Use: Scroll            |       |    10 |    10 |     2 ||    22
       Potion            |       |     3 |     1 |       ||     4
  Eat: Chunk             |     3 |    11 |    31 |     8 ||    53
       Fruit             |       |       |     4 |     1 ||     5
       Bread ration      |       |       |       |     1 ||     1
       Beef jerky        |       |       |       |     1 ||     1
